 Dungeon Crawl Stone Soup version 0.13-a0-2923-g04ac8d1 (webtiles) character file.

3069 4tharraofdagon the Cleaver (level 9, -3/81 HPs)
             Began as a Deep Dwarf Berserker on Sept 2, 2013.
             Was a Priest of Trog.
             Shot with a poisoned arrow of flame by Nessos (13 damage)
             ... on Level 4 of the Orcish Mines.
             The game lasted 00:16:15 (2447 turns).

4tharraofdagon the Cleaver (Deep Dwarf Berserker)   Turns: 2447, Time: 00:16:15

HP  -3/81        AC 14     Str 25      XL: 9   Next: 19%
MP  17/17        EV  6     Int  7      God: Trog [***...]
Gold 730         SH  0     Dex 12      Spells:  0 memorised,  8 levels left

Res.Fire  : . . .   See Invis. : .   A - +2,+0 war axe (chop)
Res.Cold  : . . .   Warding    : .   v - +0 plate armour
Life Prot.: . . .   Conserve   : .   (no shield)
Res.Poison: .       Res.Corr.  : .   (no helmet)
Res.Elec. : .       Clarity    : .   r - +0 cloak
Sust.Abil.: . .     Spirit.Shd : .   (no gloves)
Res.Mut.  : .       Stasis     : .   (no boots)
Res.Rott. : .       Flight     : .   (no amulet)
Saprovore : . . .                    (no ring)
                                     (no ring)

@: non-regenerating, exhausted, extremely poisoned, slowed, very slow, extremely
resistant to hostile enchantments, extremely unstealthy
A: damage resistance, recharge devices, sense surroundings 2, slow healing 3
a: Device Recharging, Burn Spellbooks, Berserk, Trog's Hand, Renounce Religion


You were on level 4 of the Orcish Mines.
You worshipped Trog.
Trog was greatly pleased with you.
You were near starving.

You visited 2 branches of the dungeon, and saw 11 of its levels.

You collected 879 gold pieces.
You spent 169 gold pieces at shops.

Inventory:

Hand weapons
 A - a +2,+0 war axe of chopping (weapon)
Armour
 b - a +0 animal skin
 h - a +1 dwarven ring mail
 i - a +0 chain mail
 r - a +0 cloak (worn)
 v - a +0 plate armour (worn)
Magical devices
 c - a wand of heal wounds (5)
 q - a wand of magic darts (21)
 y - a wand of slowing (5)
Comestibles
 a - 6 chunks of ogre flesh
 d - a bread ration
Scrolls
 g - a scroll of fear {unknown}
 k - a scroll of enchant armour {unknown}
 s - a scroll of blinking {unknown}
 u - a scroll of curse weapon {unknown}
 x - a scroll of curse jewellery {unknown}
Potions
 m - 2 potions of paralysis
 n - a potion of flight
 o - 2 potions of curing
 w - a potion of poison


   Skills:
 + Level 5.8 Fighting
 * Level 9.4 Axes
 + Level 6.5 Armour
 - Level 2.1 Dodging
 - Level 6.8 Evocations


You had 8 spell levels left.
You didn't know any spells.

Dungeon Overview and Level Annotations

Branches:
Dungeon (7/27)             Temple (0/1) D:4             Orc (4/4) D:6
    Elf (0/3) Orc:3

Altars:
Vehumet

Shops:
D:4 (   Orc:1 =

Annotations:
Orc:1 exclusion: oklob plant
Orc:2 Maurice
Orc:4 Nessos


Innate Abilities, Weirdness & Mutations

You are resistant to damage.
You can recharge devices by infusing magical energy.
You passively map the area around you.
You do not heal naturally.


Message History

Nessos blinks!
Use which ability? (? or * to list)
Your skin crawls.
You feel resistant to hostile enchantments.
You are near starving!
Nessos shoots a poisoned arrow of flame.
The poisoned arrow of flame hits you!
Nessos blinks!
Nessos shoots a poisoned arrow of flame.
The poisoned arrow of flame hits you!
You are more poisoned.
* * * LOW HITPOINT WARNING * * *
You feel extremely sick.
Nessos shoots a poisoned arrow of flame.
The poisoned arrow of flame hits you!
You are more poisoned.
* * * LOW HITPOINT WARNING * * *
Nessos shoots a poisoned arrow of flame.
The poisoned arrow of flame hits you!
You are more poisoned.
You die...

, ,...#.........#
.......#.........o
...........ยง......#. ,
.................#.#.. *
,......................., *
.................c.....,
.......#...............#
,...................#.....
,........)......@(........,
........<##.(((.........
,#.#.#.#.####(%(.#...##.
#*# ##### ##########


You could see Nessos.

Vanquished Creatures
  An orc sorcerer (Orc:3)
  A troll (Orc:4)
  3 orc warriors
  4 ogres
  A centaur (D:7)
  A vampire bat (Orc:3)
  12 orc priests
  Crazy Yiuf (D:3)
  10 orc wizards
  A worker ant (D:5)
  5 adders (D:4)
  A giant eyeball (D:4)
  2 giant geckos (D:1)
  61 orcs
  8 bats
  10 goblins
  7 hobgoblins
  2 jackals (D:2)
  A kobold (D:4)
  2 ball pythons (D:3)
  2 giant newts
  A hobgoblin skeleton (D:4)
  A quokka skeleton (D:4)
  2 rats (D:4)
  A fungus (D:3)
141 creatures vanquished.

Vanquished Creatures (collateral kills)
  A boulder beetle (Orc:3)
  3 orcs (Orc:3)
  A goblin (Orc:3)
5 creatures vanquished.

Vanquished Creatures (others)
  An orc wizard (Orc:3)
1 creature vanquished.

Grand Total: 147 creatures vanquished

Notes
Turn   | Place    | Note
--------------------------------------------------------------
     0 | D:1      | 4tharraofdagon, the Deep Dwarf Berserker, began the quest for the Orb.
     0 | D:1      | Reached XP level 1. HP: 21/21 MP: 0/0
   228 | D:2      | Reached XP level 2. HP: 25/28 MP: 1/1
   352 | D:3      | Found a radiant altar of Vehumet.
   408 | D:3      | Noticed Crazy Yiuf
   416 | D:3      | Killed Crazy Yiuf
   416 | D:3      | Reached skill level 4 in Axes
   416 | D:3      | Reached XP level 3. HP: 18/36 MP: 2/2
   505 | D:4      | Acquired Trog's second power
   542 | D:4      | Found Bamautos' Weapon Shop.
   583 | D:4      | Reached XP level 4. HP: 29/43 MP: 3/3
   688 | D:4      | Found a staircase to the Ecumenical Temple.
   691 | D:4      | Paralysed by a giant eyeball for 4 turns
   697 | D:4      | Paralysed by a giant eyeball for 4 turns
   704 | D:4      | Paralysed by a giant eyeball for 3 turns
   791 | D:5      | Entered Level 5 of the Dungeon
   892 | D:5      | Reached skill level 5 in Axes
   897 | D:5      | Reached XP level 5. HP: 31/50 MP: 4/4
   921 | D:6      | Reached skill level 1 in Evocations
   923 | D:6      | Reached XP level 6. HP: 52/57 MP: 5/7
   990 | D:6      | Found a staircase to the Orcish Mines.
  1045 | Orc:1    | Entered Level 1 of the Orcish Mines
  1157 | D:4      | Bought a +2,+0 war axe of chopping for 169 gold pieces
  1250 | Orc:1    | Reached skill level 6 in Axes
  1275 | Orc:1    | Found Qois' Jewellery Emporium.
  1374 | Orc:1    | Noticed an oklob plant
  1396 | Orc:1    | Yermak: onlygold inside afair
  1397 | Orc:1    | Reached XP level 7. HP: 47/64 MP: 10/10
  1553 | Orc:3    | Reached skill level 7 in Axes
  1555 | Orc:3    | Reached skill level 5 in Armour
  1623 | Orc:3    | Reached XP level 8. HP: 70/73 MP: 13/13
  1626 | Orc:3    | Reached skill level 5 in Evocations
  1843 | Orc:2    | Reached skill level 5 in Fighting
  1901 | Orc:2    | Noticed Maurice
  1914 | Orc:2    | Acquired Trog's third power
  1914 | Orc:2    | Reached skill level 8 in Axes
  2135 | Orc:3    | Noticed a boulder beetle
  2140 | Orc:3    | HP: 1/74 [boulder beetle (22)]
  2165 | Orc:3    | Killed a boulder beetle
  2267 | Orc:3    | Noticed an orc sorcerer
  2276 | Orc:3    | Killed an orc sorcerer
  2276 | Orc:3    | Reached skill level 9 in Axes
  2276 | Orc:3    | Gained mutation: You passively map the area around you. [level up]
  2276 | Orc:3    | Reached XP level 9. HP: 81/81 MP: 16/18
  2371 | Orc:3    | Found a staircase to the Elven Halls.
  2389 | Orc:4    | Entered Level 4 of the Orcish Mines
  2407 | Orc:4    | Noticed Nessos
  2415 | Orc:4    | 4tharraofdagon: eh
  2415 | Orc:4    | 4tharraofdagon: 4 fails
  2429 | Orc:4    | AmberJosephineLiu: dead
  2440 | Orc:4    | HP: 2/81 [Nessos/ poisoned arrow of flame (22)]
  2443 | Orc:4    | 4tharraofdagon: 4 fails in row
  2443 | Orc:4    | 4tharraofdagon: =rip
  2447 | Orc:4    | Shot with a poisoned arrow of flame by Nessos

Action                   |  1- 3 |  4- 6 |  7- 9 || total
-------------------------+-------+-------+-------++-------
Melee: Hand axe          |    60 |   116 |       ||   176
       War axe           |       |    17 |   176 ||   193
Invok: Berserk           |     1 |     1 |     4 ||     6
       Trog's Hand       |     1 |     5 |    14 ||    20
       Brothers in Arms  |       |       |     2 ||     2
 Abil: Device Recharging |       |       |     1 ||     1
Evoke: Wand              |       |     1 |     6 ||     7
  Use: Scroll            |       |       |     5 ||     5
       Potion            |       |       |     4 ||     4
